 Dungeon Crawl Stone Soup version 0.30-b1-2-g02819fbbbe (webtiles) character file.

Game seed: 3554282872425588861

13 Alarkh the Insei (level 2, 24/24 HPs)
             Began as a Demonspawn Chaos Knight on May 21, 2023.
             Was a Plaything of Xom.
             Got out of the dungeon alive.
             The game lasted 00:00:15 (246 turns).

Alarkh the Insei (Demonspawn Chaos Knight)           Turns: 246, Time: 00:00:16

Health: 24/24      AC:  5    Str: 12    XL:     2   Next: 24%
Magic:  2/2        EV: 11    Int: 13    God:    Xom [.*....]
Gold:   34         SH:  0    Dex: 12    Spells: 1/1 levels left

rFire   . .          .
                       - Unarmed
rCold   . . .        (no shield)
rNeg    . . .        a - +2 leather armour
rPois   .            (no helmet)
rElec   .            (no cloak)
rCorr   .            (no gloves)
SInv    .            (no boots)
Will    .....        (no amulet)
Stlth   +            (no ring)
HPRegen 0.24/turn    (no ring)
MPRegen 0.08/turn

%: no passive effects
@: no status effects
A: foul stench 1
a: Renounce Religion


You escaped.
You worshipped Xom.
You were a plaything of Xom.
You visited 1 branch of the dungeon, and saw 1 of its levels.

You collected 34 gold pieces.

Inventory:

Armour
 a - a +2 leather armour (worn)
Scrolls
 c - a scroll of identify {unknown}
Miscellaneous
 b - a piece from Xom's chessboard (15/15) (quivered)


   Skills:
 - Level 3.0 Fighting
 - Level 1.7 Armour
 - Level 0.8 Dodging
 + Level 3.4 Unarmed Combat


You had one spell level left.
You didn't know any spells.
Your spell library was empty.

Dungeon Overview and Level Annotations

Branches:
Dungeon (1/15)

Altars:


Innate Abilities, Weirdness & Mutations

You may rarely emit foul miasma when damaged in melee.


Message History

The hobgoblin completely misses you.
You closely miss the hobgoblin.
The hobgoblin is almost dead.
The dart slug bites you.
You emit a cloud of foul miasma!
The hobgoblin completely misses you.
You closely miss the hobgoblin.
The hobgoblin is almost dead.
The hobgoblin hits you.
The dart slug is engulfed in dark miasma.
The dart slug is poisoned.
You kill the dart slug!
You barely miss the hobgoblin.
The hobgoblin is almost dead.
The hobgoblin barely misses you.
You barely miss the hobgoblin.
The hobgoblin is almost dead.
The hobgoblin hits you.
You hit the hobgoblin.
You kill the hobgoblin!
No target in view!
No target in view!
No target in view!
No target in view!
No target in view!
No target in view!
No target in view!
No target in view!
You open the door.
There is an open door here.
HP restored.
You see here a bat corpse.
You are now a plaything of Xom.
You can't go up here!
Unknown command.
Unknown command.
Unknown command.
You see here 6 stones.
There is a staircase leading out of the dungeon here.
Are you sure you want to leave the Dungeon?
This will make you lose the game!
You have escaped!

#.# ##.#.## #. ## #.# #.....# #.#
#.. #.# ##...## #.# #.# #.# ##.##
#.# #.# #.# ##.(# #.# #.# #.#
#...####### ###.###.### #.#
#.........###........># ##.#
#.........≈≈#.......#.# #..#
###....@..≈≈≈#.#.###.... ##.##
##.#≈...(...≈≈#.#...#...#
##...####..#≈≈~≈≈.(..≈#..##.#...#
#.......'..#≈≈≈~...≈≈≈#..........
.......##..#≈≈≈≈≈≈≈≈≈≈#.........#
.##.##.###.#≈≈≈≈≈≈≈≈≈≈#...)....##
.#...#.# ####≈≈≈≈≈≈≈#####.###..##
.......# #.........†............
.......# #...###########.######.


There were no monsters in sight!

Vanquished Creatures
  2 dart slugs (D:1)
  A ball python (D:1)
  An endoplasm (D:1)
  2 hobgoblins (D:1)
  A kobold (D:1)
  A bat (D:1)
8 creatures vanquished.

Notes
Turn   | Place    | Note
-------+----------+-------------------------------------------
     0 | D:1      | Alarkh the Demonspawn Chaos Knight began the quest for the
                  | Orb.
     0 | D:1      | Reached XP level 1. HP: 18/18 MP: 1/1
   150 | D:1      | Gained mutation: You may rarely emit foul miasma when
                  | damaged in melee. [demonic ancestry]
   150 | D:1      | Reached XP level 2. HP: 24/24 MP: 2/2
   246 | D:$      | Got out of the dungeon alive.

Illustrated notes

Levels and vault maps discovered:
D:1:      dpeg_arrival_pond, layout_loops_corners,
          chequers_ecumenical_altar_simple_redux

Skill      XL: |  1 |
---------------+----+-----
Unarmed Combat | 3 |  3.4
Fighting       | |  3.0
Armour         | |  1.7
Dodging        | |  0.8

Action                     || total
---------------------------++-------
  Melee: Unarmed           ||    19
 Armour: Leather armour    ||     3
  Dodge: Dodged            ||    10
